| TOP OF THE 1ST |
|
Washington (APP) Nationals batting - Pitching for Bristol Pirates : LHP Hujime Ishida
|
|
Pitching: LHP Hujime Ishida
|
|
|
Batting: RHB Derek Moran
|
0-0: Called Strike 0-1: Ball 1-1: Ball 2-1: Swinging Strike 2-2: Strikes out looking
|
|
Batting: RHB Naofumi Ishida
|
0-0: Reached on error, E5 (Groundball, 56, EV 85.0 MPH)
|
|
Batting: SHB Gabe Fraunfelder
|
0-0: Called Strike 0-1: Swinging Strike 0-2: Ball 1-2: Foul Ball, location: 2F 1-2: Foul Ball, location: 2F 1-2: Ball 2-2: Ball 3-2: 2-RUN HOME RUN (Flyball, 7LD, EV 91.9 MPH), Distance : 341 ft
|
|
Batting: LHB Nate Melendez
|
0-0: Ball 1-0: Called Strike 1-1: Foul Ball, location: 2F 1-2: Foul Ball, location: 2F 1-2: Ball 2-2: Ball 3-2: Ground out 4-3 (Groundball, 4S, EV 86.2 MPH)
|
|
Batting: RHB Jon Buscher
|
0-0: Swinging Strike 0-1: Ball 1-1: Ball 2-1: Foul Ball, location: 2F 2-2: Foul Ball, location: 2F 2-2: Ball 3-2: Foul Ball, location: 2F 3-2: Foul Ball, location: 2F 3-2: Base on Balls
|
|
Batting: RHB Gabe Almazan
|
0-0: Called Strike 0-1: Called Strike 0-2: Foul Ball, location: 2F 0-2: Ball 1-2: Foul Ball, location: 2F 1-2: Strikes out swinging
|
| Top of the 1st over - 2 runs, 1 hit, 1 error, 1 left on base; Washington (APP) 2 - Bristol 0 |
| BOTTOM OF THE 1ST |
|
Bristol Pirates batting - Pitching for Washington (APP) Nationals : RHP Bastien Perrini
|
|
Pitching: RHP Bastien Perrini
|
|
|
Batting: RHB Perry Dominey
|
0-0: SINGLE (Flyball, 34D, EV 97.5 MPH)
|
|
Batting: RHB Randy Bergman
|
0-0: SINGLE (Flyball, 89S, EV 91.9 MPH) Perry Dominey to second Runner from 2nd tries for 3rd, OUT! 9-5
|
|
Batting: RHB Etsuro Hosokawa
|
0-0: Called Strike 0-1: Called Strike 0-2: Ball 1-2: 2-RUN HOME RUN (Flyball, 78XD, EV 110.6 MPH), Distance : 404 ft
|
|
Batting: RHB Jaime Dubicki
|
0-0: Called Strike 0-1: SINGLE (Groundball, 56S, EV 88.1 MPH)
|
|
Batting: LHB Tomohiro Yokoyama
|
0-0: Called Strike 0-1: Ball 1-1: Foul Ball, location: 2F 1-2: Ball 2-2: Ball 3-2: Fielders Choice at 2nd, 3-6 (Groundball, 13, EV 86.2 MPH)
|
|
Batting: LHB Randy Boone
|
0-0: Swinging Strike 0-1: Called Strike 0-2: Foul Ball, location: 2F 0-2: Ball 1-2: Ball 2-2: Foul Ball, location: 2F 2-2: Strikes out swinging
|
| Bottom of the 1st over - 2 runs, 4 hits, 0 errors, 1 left on base; Washington (APP) 2 - Bristol 2 |
| TOP OF THE 2ND |
|
Washington (APP) Nationals batting - Pitching for Bristol Pirates : LHP Hujime Ishida
|
|
Batting: LHB Elias Posada
|
0-0: Ball 1-0: Ball 2-0: Ball 3-0: Called Strike 3-1: Foul Ball, location: 2F 3-2: Foul Ball, location: 2F 3-2: Foul Ball, location: 2F 3-2: Strikes out looking
|
|
Batting: RHB Brian Walker
|
0-0: Called Strike 0-1: Ball 1-1: Ball 2-1: Swinging Strike 2-2: Strikes out looking
|
|
Batting: RHB Alex Salerno
|
0-0: Ball 1-0: Ball 2-0: Foul Ball, location: 2F 2-1: Foul Ball, location: 2F 2-2: Ground out 5-3 (Groundball, 56, EV 93.8 MPH)
|
| Top of the 2nd over - 0 runs, 0 hits, 0 errors, 0 left on base; Washington (APP) 2 - Bristol 2 |
| BOTTOM OF THE 2ND |
|
Bristol Pirates batting - Pitching for Washington (APP) Nationals : RHP Bastien Perrini
|
|
Batting: LHB Ruben Garza
|
0-0: Foul Ball, location: 2F 0-1: Foul Ball, location: 2F 0-2: Ball 1-2: Ball 2-2: Ball 3-2: Base on Balls
|
|
Batting: RHB Andrew DeRicco
|
0-0: Called Strike 0-1: Called Strike 0-2: Strikes out swinging
|
|
Batting: RHB Rob Colley
|
0-0: Called Strike 0-1: Ball 1-1: Swinging Strike 1-2: Ball 2-2: Strikes out swinging
|
|
Batting: RHB Perry Dominey
|
0-0: Ball 1-0: Foul Ball, location: 2F 1-1: Foul Ball, location: 2F 1-2: Fly out, F9 (Line Drive, 9, EV 90.6 MPH)
|
| Bottom of the 2nd over - 0 runs, 0 hits, 0 errors, 1 left on base; Washington (APP) 2 - Bristol 2 |
| TOP OF THE 3RD |
|
Washington (APP) Nationals batting - Pitching for Bristol Pirates : LHP Hujime Ishida
|
|
Batting: RHB Derek Moran
|
0-0: Swinging Strike 0-1: Swinging Strike 0-2: Strikes out swinging
|
|
Batting: RHB Naofumi Ishida
|
0-0: Ball 1-0: Foul Ball, location: 2F 1-1: Fly out, F8 (Flyball, 78D, EV 94.4 MPH)
|
|
Batting: SHB Gabe Fraunfelder
|
0-0: Called Strike 0-1: Called Strike 0-2: Foul Ball, location: 2F 0-2: Ball 1-2: Ground out 6-3 (Groundball, 6, EV 76.2 MPH)
|
| Top of the 3rd over - 0 runs, 0 hits, 0 errors, 0 left on base; Washington (APP) 2 - Bristol 2 |
| BOTTOM OF THE 3RD |
|
Bristol Pirates batting - Pitching for Washington (APP) Nationals : RHP Bastien Perrini
|
|
Batting: RHB Randy Bergman
|
0-0: Called Strike 0-1: Fly out, F8 (Flyball, 89XD, EV 101.9 MPH)
|
|
Batting: RHB Etsuro Hosokawa
|
0-0: Called Strike 0-1: Foul Ball, location: 2F 0-2: Fly out, F9 (Flyball, 9S, EV 80.6 MPH)
|
|
Batting: RHB Jaime Dubicki
|
0-0: Ball 1-0: Swinging Strike 1-1: Ball 2-1: Foul Ball, location: 2F 2-2: Ball 3-2: DOUBLE (Groundball, 5L, EV 93.8 MPH)
|
|
Batting: LHB Tomohiro Yokoyama
|
0-0: Ball 1-0: Ball 2-0: Ball 3-0: Base on Balls
|
|
Batting: LHB Randy Boone
|
0-0: Fielders Choice at 2nd, 5-4 (Groundball, 56, EV 90.0 MPH)
|
| Bottom of the 3rd over - 0 runs, 1 hit, 0 errors, 2 left on base; Washington (APP) 2 - Bristol 2 |
| TOP OF THE 4TH |
|
Washington (APP) Nationals batting - Pitching for Bristol Pirates : LHP Hujime Ishida
|
|
Batting: LHB Nate Melendez
|
0-0: Fly out, F8 (Flyball, 8RM, EV 82.5 MPH)
|
|
Batting: RHB Jon Buscher
|
0-0: Ball 1-0: Ground out U3 (Groundball, 34, EV 102.5 MPH)
|
|
Batting: RHB Gabe Almazan
|
0-0: Ball 1-0: Called Strike 1-1: DOUBLE (Groundball, 5L, EV 95.6 MPH)
|
|
Batting: LHB Elias Posada
|
0-0: Ball 1-0: Ball 2-0: Foul Ball, location: 2F 2-1: Ball 3-1: Swinging Strike 3-2: Fly out, F7 (Flyball, 7S, EV 86.2 MPH)
|
| Top of the 4th over - 0 runs, 1 hit, 0 errors, 1 left on base; Washington (APP) 2 - Bristol 2 |
| BOTTOM OF THE 4TH |
|
Bristol Pirates batting - Pitching for Washington (APP) Nationals : RHP Bastien Perrini
|
|
Batting: LHB Ruben Garza
|
0-0: Swinging Strike 0-1: Ground out 5-3 (Groundball, 5L, EV 110.0 MPH)
|
|
Batting: RHB Andrew DeRicco
|
0-0: Ball 1-0: Called Strike 1-1: Called Strike 1-2: SINGLE (Groundball, 5L, EV 108.8 MPH)
|
|
Batting: RHB Rob Colley
|
0-0: Ball 1-0: Fly out, F9 (Flyball, 9, EV 86.9 MPH)
|
|
Batting: RHB Perry Dominey
|
0-0: Fly out, F8 (Flyball, 8LM, EV 95.6 MPH)
|
| Bottom of the 4th over - 0 runs, 1 hit, 0 errors, 1 left on base; Washington (APP) 2 - Bristol 2 |
| TOP OF THE 5TH |
|
Washington (APP) Nationals batting - Pitching for Bristol Pirates : LHP Hujime Ishida
|
|
Batting: RHB Brian Walker
|
0-0: Called Strike 0-1: SINGLE (Groundball, 34D, EV 98.8 MPH)
|
|
Batting: RHB Alex Salerno
|
0-0: Ball 1-0: Swinging Strike 1-1: Ball 2-1: Ball 3-1: Base on Balls Brian Walker to second
|
|
Batting: RHB Derek Moran
|
0-0: Foul Ball, location: 2F 0-1: Foul Ball, location: 2F 0-2: Fly out, F7 (Line Drive, 7, EV 90.0 MPH)
|
|
Batting: RHB Naofumi Ishida
|
0-0: Ball 1-0: Called Strike 1-1: Ball 2-1: Ball 3-1: Foul Ball, location: 2F 3-2: Base on Balls Brian Walker to third Alex Salerno to second
|
|
Batting: SHB Gabe Fraunfelder
|
0-0: Swinging Strike 0-1: Ball 1-1: Swinging Strike 1-2: Strikes out looking
|
|
Batting: LHB Nate Melendez
|
0-0: Called Strike 0-1: Called Strike 0-2: Fielders Choice at 2nd, U6 (Groundball, 6M, EV 86.9 MPH)
|
| Top of the 5th over - 0 runs, 1 hit, 0 errors, 3 left on base; Washington (APP) 2 - Bristol 2 |
| BOTTOM OF THE 5TH |
|
Bristol Pirates batting - Pitching for Washington (APP) Nationals : RHP Bastien Perrini
|
|
Batting: RHB Randy Bergman
|
0-0: Ball 1-0: Foul Ball, location: 2F 1-1: Ball 2-1: Ball 3-1: Base on Balls
|
|
Batting: RHB Etsuro Hosokawa
|
0-0: Ball 1-0: Called Strike 1-1: Ball 2-1: Foul Ball, location: 2F 2-2: Grounds into double play, 6-4-3 (Groundball, 6, EV 89.4 MPH)
|
|
Batting: RHB Jaime Dubicki
|
0-0: Called Strike 0-1: Ground out 6-3 (Groundball, 6, EV 80.0 MPH)
|
| Bottom of the 5th over - 0 runs, 0 hits, 0 errors, 0 left on base; Washington (APP) 2 - Bristol 2 |
| TOP OF THE 6TH |
|
Washington (APP) Nationals batting - Pitching for Bristol Pirates : LHP Hujime Ishida
|
|
Pitching: LHP Phil DeCamp
|
|
|
Batting: RHB Jon Buscher
|
0-0: Called Strike 0-1: Fly out, F9 (Flyball, 9, EV 85.0 MPH)
|
|
Batting: RHB Gabe Almazan
|
0-0: Swinging Strike 0-1: Fly out, F7 (Line Drive, 7, EV 93.1 MPH)
|
|
Batting: LHB Elias Posada
|
0-0: Ball 1-0: Foul Ball, location: 2F 1-1: Foul Ball, location: 2F 1-2: Fly out, F9 (Flyball, 9S, EV 91.2 MPH)
|
| Top of the 6th over - 0 runs, 0 hits, 0 errors, 0 left on base; Washington (APP) 2 - Bristol 2 |
| BOTTOM OF THE 6TH |
|
Bristol Pirates batting - Pitching for Washington (APP) Nationals : RHP Bastien Perrini
|
|
Pitching: LHP Mike Bigos
|
|
|
Batting: LHB Tomohiro Yokoyama
|
0-0: Reached on error, E4 (Groundball, 4, EV 79.4 MPH)
|
|
Batting: LHB Randy Boone
|
0-0: Ball 1-0: Fielders Choice at 2nd, 4-6 (Groundball, 4M, EV 85.6 MPH)
|
|
Batting: LHB Ruben Garza
|
0-0: Ball 1-0: Ball Randy Boone is caught stealing 2nd base 2-6 2-0: Hit by Pitch
|
|
Batting: RHB Andrew DeRicco
|
0-0: Ball Ruben Garza steals 2nd base 1-0: Intentional Walk
|
|
Batting: RHB Rob Colley
|
0-0: Called Strike 0-1: Ball 1-1: Foul Ball, location: 2F 1-2: Strikes out swinging
|
| Bottom of the 6th over - 0 runs, 0 hits, 1 error, 2 left on base; Washington (APP) 2 - Bristol 2 |
| TOP OF THE 7TH |
|
Washington (APP) Nationals batting - Pitching for Bristol Pirates : LHP Phil DeCamp
|
|
Pitching: RHP Ian Ferrara
|
|
|
Batting: RHB Brian Walker
|
0-0: Ball 1-0: Ball 2-0: Ball 3-0: Base on Balls
|
|
Batting: RHB Alex Salerno
|
0-0: Bunted foul 0-1: Sac Bunt to 25 - play at first, batter OUT! 5-4 Brian Walker to second
|
|
Batting: RHB Derek Moran
|
0-0: Hit by Pitch
|
|
Batting: RHB Naofumi Ishida
|
0-0: Ball 1-0: Called Strike 1-1: Ball 2-1: Ball 3-1: SINGLE (Groundball, 34D, EV 99.4 MPH) Brian Walker to third Derek Moran to second Runner from 3rd tries for Home, throw by RF and OUT! 9-2
|
|
Batting: SHB Gabe Fraunfelder
|
0-0: Ball 1-0: Fly out, F9 (Flyball, 9LM, EV 90.6 MPH)
|
| Top of the 7th over - 0 runs, 1 hit, 0 errors, 2 left on base; Washington (APP) 2 - Bristol 2 |
| BOTTOM OF THE 7TH |
|
Bristol Pirates batting - Pitching for Washington (APP) Nationals : LHP Mike Bigos
|
|
Pitching: RHP Chris Bonham
|
|
|
Pinch Hitting: LHB Joe Wise
|
0-0: Ball 1-0: Foul Ball, location: 2F 1-1: Ball 2-1: Foul Ball, location: 2F 2-2: Ball 3-2: Base on Balls
|
|
Batting: RHB Randy Bergman
|
0-0: Grounds into double play, 6-4-3 (Groundball, 56, EV 78.1 MPH)
|
|
Batting: RHB Etsuro Hosokawa
|
0-0: Swinging Strike 0-1: Ball 1-1: Swinging Strike 1-2: Ball 2-2: Ball 3-2: Strikes out looking
|
| Bottom of the 7th over - 0 runs, 0 hits, 0 errors, 0 left on base; Washington (APP) 2 - Bristol 2 |
| TOP OF THE 8TH |
|
Washington (APP) Nationals batting - Pitching for Bristol Pirates : RHP Ian Ferrara
|
|
Pitching: RHP Hugo Rodriguez
|
|
|
Now in CF: Joe Wise
|
|
|
Batting: LHB Nate Melendez
|
0-0: Ball 1-0: SINGLE (Groundball, 6M, EV 98.8 MPH)
|
|
Batting: RHB Jon Buscher
|
0-0: Called Strike 0-1: Ball 1-1: Foul Ball, location: 2F 1-2: Ball 2-2: Strikes out swinging
|
|
Batting: RHB Gabe Almazan
|
0-0: Ball 1-0: Ball 2-0: Foul Ball, location: 2F 2-1: Ball 3-1: Foul Ball, location: 2F 3-2: Strikes out looking
|
|
Batting: LHB Elias Posada
|
0-0: Ball 1-0: Ground out U3 (Groundball, 34, EV 106.2 MPH)
|
| Top of the 8th over - 0 runs, 1 hit, 0 errors, 1 left on base; Washington (APP) 2 - Bristol 2 |
| BOTTOM OF THE 8TH |
|
Bristol Pirates batting - Pitching for Washington (APP) Nationals : RHP Chris Bonham
|
|
Batting: RHB Jaime Dubicki
|
0-0: Ball 1-0: Ball 2-0: Ball 3-0: Base on Balls
|
|
Batting: LHB Tomohiro Yokoyama
|
0-0: Called Strike 0-1: SINGLE (Line Drive, 78S, EV 95.0 MPH) Jaime Dubicki to second
|
|
Batting: LHB Randy Boone
|
0-0: Bunted foul 0-1: Bunted foul 0-2: Ball 1-2: Foul Ball, location: 2F 1-2: Ball 2-2: Foul Ball, location: 2F 2-2: Grounds into double play, 4-6-3 (Groundball, 4D, EV 83.1 MPH) Jaime Dubicki to third
|
|
Batting: LHB Ruben Garza
|
0-0: Intentional Walk
|
|
Batting: RHB Andrew DeRicco
|
0-0: Ball 1-0: Foul Ball, location: 2F 1-1: Swinging Strike 1-2: Ball 2-2: SINGLE (Groundball, 6MD, EV 102.5 MPH) Jaime Dubicki scores Ruben Garza to second Runner from 2nd tries for 3rd, OUT! 8-5
|
| Bottom of the 8th over - 1 run, 2 hits, 0 errors, 1 left on base; Washington (APP) 2 - Bristol 3 |
| TOP OF THE 9TH |
|
Washington (APP) Nationals batting - Pitching for Bristol Pirates : RHP Hugo Rodriguez
|
|
Now at 1B: Gilberto Victoria
|
|
|
Pinch Hitting: RHB Jesus Malave
|
0-0: Ball 1-0: Ball 2-0: Ball 3-0: Called Strike 3-1: Base on Balls
|
|
Batting: RHB Alex Salerno
|
0-0: Bunted foul 0-1: Bunted foul 0-2: Foul Ball, location: 2F 0-2: Ball 1-2: Ball 2-2: Strikes out swinging
|
|
Batting: RHB Derek Moran
|
0-0: Ball 1-0: Foul Ball, location: 2F 1-1: Ball 2-1: Fly out, F9 (Flyball, 89D, EV 83.1 MPH)
|
|
Batting: RHB Naofumi Ishida
|
0-0: Foul Ball, location: 2F 0-1: Called Strike 0-2: Foul Ball, location: 2F 0-2: Ball 1-2: Foul Ball, location: 2F 1-2: Foul Ball, location: 2F 1-2: Ball 2-2: Strikes out swinging
|
| Top of the 9th over - 0 runs, 0 hits, 0 errors, 1 left on base; Washington (APP) 2 - Bristol 3 |
|